 Dungeon Crawl Stone Soup version 0.21-a0-498-g1b60429 (webtiles) character file.

405315 4thArraOfDagon the Executioner (level 23, -7/258 HPs)
             Began as a Hill Orc Monk on Nov 24, 2017.
             Was the Champion of the Shining One.
             Killed by a guardian mummy's death curse (31 damage)
             ... on level 2 of the Tomb of the Ancients.
             The game lasted 02:54:41 (21595 turns).

4thArraOfDagon the Executioner (Hill Orc Monk)     Turns: 21595, Time: 02:54:42

Health: -7/258     AC: 36    Str: 13      XL:     23   Next: 4%
Magic:  51/55      EV: 17    Int: 16 (19) God:    the Shining One [******]
Gold:   1718       SH:  0    Dex: 18      Spells: 15/39 levels left

rFire    + + +     SeeInvis .   M - +5 executioner's axe (chop)
rCold    + . .     Gourm    .   (shield currently unavailable)
rNeg     + + +     Faith    .   (armour currently unavailable)
rPois    ∞         Spirit   .   m - +2 helmet {Int+3}
rElec    +         Reflect  .   i - +2 cloak {rC+}
rCorr    .         Harm     .   (gloves currently unavailable)
MR       +....     Clarity  +   (boots currently unavailable) Stlth +.........Rnd*Tele +
                                r - necklace of Bloodlust {*Rage +Rage MR++ Int-3 Slay+6 *Curse} (curse)
HPRegen  0.53/turn              R - ring "Zana Ufo" {rF+ MP+9 Dex+5}
MPRegen  0.34/turn              I - ring "Huxkovis" {rElec rF+++ rN+ MP+9 Str-4}

@: statue-form, vulnerable, slowed, glowing, very slow
A: claws 2, hooves 1, clarity, clever 1, deformed body, sense surroundings 1,
teleportitis 1, wild magic 1, evolution 1
}: 3/15 runes: decaying, serpentine, slimy
a: End Transformation, Divine Shield, Cleansing Flame, Summon Divine Warrior,
Brand Weapon With Holy Wrath, Renounce Religion, Evoke Berserk Rage


You were on level 2 of the Tomb of the Ancients.
You worshipped the Shining One.
The Shining One was exalted by your worship.
You were not hungry.
You were a stone statue.
You visited 10 branches of the dungeon, and saw 46 of its levels.
You visited the Abyss 2 times.
You visited 1 bazaar.
You also visited: Ice Cave.

You collected 3537 gold pieces.
You spent 1819 gold pieces at shops.

Inventory:

Hand Weapons
 M - a +5 executioner's axe of chopping (weapon)
 Y - a +3 executioner's axe of flaming
Missiles
 V - 2 throwing nets (quivered)
Armour
 i - a +2 cloak of cold resistance (worn)
 k - the +1 pair of gloves of Exclusion (melded) {rC+}
   (You found it on level 3 of the Elven Halls)

   It protects you from cold.
 m - a +2 helmet of intelligence (worn)
 D - a +1 troll leather armour (melded)
 P - the +1 pair of boots of Omission (melded) {-Tele Int+8 Dex+6}
   (You bought it in a shop on level 2 of the Orcish Mines)

   It affects your intelligence (+8).
   It affects your dexterity (+6).
   It prevents most forms of teleportation.
Magical Staves
 y - an uncursed staff of energy {!a}
 L - an uncursed staff of wizardry {!a}
 N - an uncursed staff of cold {unknown}
Jewellery
 l - an uncursed ring of wizardry
 r - the cursed necklace of Bloodlust (around neck) {*Rage +Rage MR++ Int-3 Slay+6 *Curse}
   (You took it off a deep elf elementalist on level 3 of the Elven Halls)

   [amulet of rage]

   It affects your intelligence (-3).
   It affects your accuracy and damage with ranged weapons and melee attacks
   (+6).
   It affects your resistance to hostile enchantments.
   It lets you go berserk.
   It may make you go berserk in combat.
   It curses itself when equipped.
   It has a curse placed upon it.
 z - an uncursed ring of protection from cold
 I - the ring "Huxkovis" (right claw) {rElec rF+++ rN+ MP+9 Str-4}
   (You found it on level 6 of the Lair of Beasts)

   [ring of magical power]

   It affects your strength (-4).
   It renders you almost immune to fire.
   It insulates you from electricity.
   It protects you from negative energy.
   It affects your magic capacity (+9).
 R - the ring "Zana Ufo" (left claw) {rF+ MP+9 Dex+5}
   (You found it on level 3 of the Crypt)

   [ring of protection from fire]

   It affects your dexterity (+5).
   It protects you from fire.
   It affects your magic capacity (+9).
Wands
 w - a wand of iceblast (23)
 E - a wand of digging (17)
 J - a wand of enslavement (11)
 Z - a wand of acid (6)
Scrolls
 g - 12 scrolls of remove curse
 h - a scroll of magic mapping
 p - 2 scrolls of teleportation
 u - 4 scrolls of enchant armour
 v - 4 scrolls of fear
 x - 6 scrolls of enchant weapon
 B - 3 scrolls of vulnerability
 C - 6 scrolls of immolation
 O - 3 scrolls of fog
 X - 5 scrolls of blinking
Potions
 a - 3 potions of haste
 f - 10 potions of curing
 n - 2 potions of magic
 o - a potion of heal wounds
 q - 6 potions of brilliance
 F - 2 potions of ambrosia
 G - 2 potions of mutation
 K - 4 potions of flight
 Q - a potion of agility
 S - 6 potions of berserk rage
 T - 6 potions of might
Miscellaneous
 b - 4 sacks of spiders
 d - a phantom mirror
 j - a fan of gales
 t - a phial of floods
 A - a lamp of fire
 U - 2 boxes of beasts
 W - a lightning rod (4/4)
Comestibles
 c - 5 bread rations
 s - 20 meat rations


   Skills:
 - Level 15.0 Fighting
 - Level 26.0 Axes
 - Level 8.8 Armour
 - Level 7.3 Dodging
 - Level 1.5 Stealth
 - Level 8.6 Spellcasting
 - Level 3.8 Translocations
 - Level 9.9 Transmutations
 - Level 16.6 Earth Magic
 * Level 20.8 Invocations
 - Level 6.1 Evocations


You had 15 spell levels left.
You knew the following spells:

 Your Spells              Type           Power        Failure   Level  Hunger
a - Apportation           Tloc           ###...       4%          1    None
b - Blink                 Tloc           N/A          5%          2    None
c - Passage of Golubria   Tloc           N/A          30%         4    ###....
d - Statue Form           Tmut/Erth      ######...    11%         6    ######.
e - Passwall              Tmut/Erth      ######....   1%          2    None
f - Shatter               Erth           ######....   100%        9    #######


Dungeon Overview and Level Annotations

Branches:
Dungeon (14/15)              Lair (6/6) D:8           Swamp (4/4) Lair:3
  Snake (4/4) Lair:3        Slime (5/5) Lair:6          Orc (2/2) D:11
    Elf (3/3) Orc:2        Vaults (3/5) D:14          Crypt (3/3) Vaults:3
   Tomb (2/3) Crypt:3
 Temple: D:4-7

Altars:
Ashenzari
Kikubaaqudgha
Makhleb
Nemelex Xobeh
Ru
Trog
Wu Jian
The Shining One
Beogh
Jiyva

Shops:
Orc:1 ([:   Orc:2 **[:[*   Elf:2 *   Snake:4 *(   Vaults:2 [

Portals:
Trove: D:13 (give 8 potions of haste)

Annotations:
Lair:2 exclusion: 2 oklob plants
Lair:4 exclusion: oklob plant
Swamp:2 Jorgrun
Swamp:4 exclusion: Roxanne, Roxanne
Snake:3 exclusion: ice statue


Innate Abilities, Weirdness & Mutations

You have very sharp fingernails.
You have large cloven feet.
((You are partially covered in icy blue scales. (AC +2)))
((You are partially covered in molten scales. (AC +2)))
You possess an exceptional clarity of mind.
Your mind is acute. (Int +2)
Armour fits poorly on your strangely shaped body.
You passively map a small area around you.
You are occasionally teleported next to monsters.
Your spells are a little harder to cast, but a little more powerful.
You evolve.


Message History

The Shining One accepts your kill.
You feel better.
You feel extremely nervous for a moment...
Pain shoots through your body!
* * * LOW HITPOINT WARNING * * *
You slice the mummy like a ripe choko!!!
You destroy the mummy!
The Shining One accepts your kill.
You feel better.
Unknown command.
Unknown command.
Unknown command.
You eat one of the 6 bread rations.
That bread ration really hit the spot!
You slice the guardian mummy!!
You destroy the guardian mummy!
The Shining One accepts your kill.
You feel better.
You feel extremely nervous for a moment...
You convulse helplessly as pain tears through your body!
You die...

*...
(.....Mz.§..
..
...........
###'#
,....M..s...
#....##
*###'#######
#.....#,,, ,
,, #.....#,
* , #....M#
, , #.....#
, , *,, ,,
#....8# , ,
,, ####### *
*


You could see a mummy.

Vanquished Creatures
  Dissolution (Slime:4)
  the Royal Jelly (Slime:5)
  An ancient lich (Crypt:3)
  2 greater mummies (Tomb:1)
  Xtahua (Crypt:3)
  Nikola (Snake:4)
  A profane servitor (Crypt:3)
  A bone dragon (Crypt:3)
  An Ice Fiend (IceCv)
  2 deep elf blademasters (Elf:3)
  2 deep elf master archers (Elf:3)
  3 liches
  The ghost of 4thArraOfDagon the Impaler, an adept NaAK of Lugonu (Elf:2)
  13 acid blobs
  3 tentacled starspawn
  6 sphinxes (Tomb:1)
  Kirke (Lair:5)
  2 ancient champions
  2 revenants (Tomb:1)
  11 azure jellies
  7 nagarajas
  A fire giant (D:13)
  Donald (Vaults:1)
  6 deep elf sorcerers (Elf:3)
  2 vault wardens
  2 deep elf elementalists (Elf:3)
  5 very ugly things (Vaults:1)
  11 ironheart preservers
  3 stone giants
  A ghoul (Crypt:3)
  6 bennus (Tomb:1)
  A spectral titan (Crypt:3)
  A vampire knight (Crypt:3)
  7 deep elf demonologists
  8 deep elf annihilators (Elf:3)
  The ghost of Waterpls the Brawler, a journeyman VSFi of Makhleb (Orc:2)
  5 deep elf death magi
  2 eidola (Crypt:2)
  An ettin (Vaults:3)
  A fire dragon (D:13)
  4 death oozes (Slime:5)
  Josephine (Lair:5)
  6 deep elf high priests
  3 mummy priests
  11 naga warriors
  The ghost of Thaneod the Cleaver, a journeyman MiBe of Trog (D:12)
  A yaktaur captain (Vaults:3)
  6 vault guards
  14 jiangshi
  4 great orbs of eyes
  A rakshasa (Vaults:1)
  An ice dragon (Vaults:2)
  16 hydras
  7 alligators
  3 catoblepae (Lair:6)
  3 death knights (Crypt:3)
  4 anacondas
  5 centaur warriors
  3 ogre magi
  6 two-headed ogres
  9 death scarabs
  11 dancing weapons
  10 death yaks (Lair:6)
  An orc high priest (Orc:2)
  A shock serpent (Snake:4)
  A tengu warrior (Swamp:4)
  11 naga sharpshooters
  5 thrashing horrors (Abyss:3)
  3 deep troll shamans (Vaults:3)
  A deep troll earth mage (Vaults:3)
  A vampire mage (Crypt:2)
  14 deep elf knights
  Nergalle (Lair:4)
  23 skeletal warriors
  2 salamander mystics (Snake:4)
  4 wretched stars
  A golden dragon zombie (Tomb:1)
  5 spriggans
  3 spriggan druids
  7 large abominations
  2 shadow wraiths (Crypt:3)
  A ghost moth zombie (Tomb:1)
  5 flayed ghosts
  11 swamp dragons
  2 glowing orange brains
  A shambling mangrove (Swamp:3)
  11 deep elf archers
  18 deep trolls
  A harpy (Vaults:1)
  5 ironbrand convokers
  9 phantasmal warriors
  A wizard (Vaults:2)
  4 lindwurms (Lair:5)
  12 naga ritualists
  4 mana vipers
  48 deep elf magi
  4 ugly things
  2 necromancers
  3 orc knights
  4 manticores
  3 wolf spiders
  2 shining eyes (Slime:5)
  A spectral ettin (Crypt:3)
  4 orc sorcerers (Orc:2)
  A moth of wrath (shapeshifter) (Elf:1)
  3 eyes of devastation
  3 cyclopes
  2 guardian serpents
  15 naga magi
  A stone giant skeleton (Vaults:3)
  A fire giant skeleton (Vaults:3)
  6 salamanders
  29 black mambas
  A smoke demon (Abyss:4)
  An ice statue (IceCv)
  2 centaur skeletons
  3 vault sentinels
  Psyche (D:11)
  19 spiny frogs
  6 komodo dragons
  4 rime drakes
  5 yaktaurs
  11 guardian mummies
  A golden dragon simulacrum (IceCv)
  A black draconian skeleton (Crypt:2)
  5 freezing wraiths
  An ancient zyme (Abyss:3)
  A red devil (Abyss:3)
  6 ice devils (IceCv)
  2 anaconda simulacra (IceCv)
  A jumping spider (shapeshifter) (Vaults:1)
  A wolf spider simulacrum (IceCv)
  2 tengu conjurers
  5 tyrant leeches
  8 trolls
  11 hornets
  14 bog bodies
  A raiju (Abyss:3)
  16 blink frogs
  42 slime creatures
  A meliai zombie (D:13)
  12 dream sheep (Lair:6)
  8 hippogriffs
  32 flying skulls
  2 ettin skeletons (Vaults:3)
  68 yaks
  11 wraiths
  An ice dragon skeleton (Crypt:2)
  5 shadows
  2 ynoxinuls (Abyss:3)
  4 dire elephant simulacra (IceCv)
  A wyvern (Lair:2)
  A fire elemental (Elf:3)
  An ushabti (Tomb:2)
  A neqoxec (Abyss:4)
  3 hogs (Lair:5)
  3 basilisks (Lair:2)
  7 golden eyes
  2 chaos spawn
  A death yak simulacrum (IceCv)
  A human (D:14)
  A steam dragon (D:11)
  21 vampire mosquitoes
  5 iron troll simulacra (IceCv)
  6 harpy simulacra (IceCv)
  29 nagas
  15 swamp worms
  5 insubstantial wisps (Swamp:2)
  A deep troll skeleton (Vaults:3)
  2 hydra simulacra
  8 porcupines
  2 hell hounds (D:8)
  17 water moccasins
  A sky beast (D:7)
  16 orc warriors
  12 swamp drakes
  8 eyes of draining
  2 ice beasts
  2 phantoms
  2 elf skeletons
  6 human skeletons (Vaults:3)
  4 necrophages (Crypt:3)
  13 wolves
  A swamp dragon skeleton (Tomb:2)
  12 ogres
  19 centaurs
  17 crocodiles
  2 big kobolds
  A wyvern zombie (D:11)
  3 human zombies (Vaults:2)
  14 bullfrogs
  An earth elemental (Elf:3)
  A water moccasin zombie (D:9)
  4 small abominations
  A wyvern skeleton (D:9)
  67 killer bees
  2 human simulacra
  An elephant simulacrum (IceCv)
  4 wights (D:9)
  An electric eel (Lair:3)
  A spectral centaur (Crypt:3)
  10 crimson imps
  2 bullfrog zombies
  4 centaur zombies
  A quasit (D:11)
  2 hounds (D:5)
  4 draconian simulacra (IceCv)
  3 jellies
  38 orc wizards
  23 orc priests
  2 bullfrog skeletons
  Jessica (D:3)
  Terence (D:3)
  Ijyb (D:5)
  An iguana (D:10)
  6 hell rats (Lair:5)
  A spriggan simulacrum (IceCv)
  5 worker ants
  A wolf simulacrum (IceCv)
  A centaur simulacrum (IceCv)
  6 mummies
  A howler monkey zombie (Crypt:2)
  3 ogre simulacra (IceCv)
  8 adders
  3 gnolls (D:9)
  A river rat (Lair:2)
  3 naga simulacra (IceCv)
  A shadow imp (D:7)
  6 white imps (IceCv)
  9 ufetubi
  An ooze (D:2)
  An adder skeleton (D:6)
  A dart slug (D:2)
  7 leopard geckos
  62 orcs
  2 giant cockroaches
  3 goblins
  4 hobgoblins
  10 jackals
  7 kobolds
  4 quokkas
  A ball python (D:3)
  4 bats
  3 frilled lizards
  A giant cockroach zombie (D:5)
  A quokka skeleton (D:7)
  5 rats
  5 fungi
  3 plants
  5 starspawn tentacles
1507 creatures vanquished.

Vanquished Creatures (collateral kills)
  Rupert (Orc:2)
  4 acid blobs (Slime:5)
  A deep elf master archer (Elf:3)
  2 azure jellies (Slime:5)
  A nagaraja (Snake:4)
  4 death oozes (Slime:5)
  A great orb of eyes (Slime:5)
  2 hydras
  A death knight (D:10)
  A shining eye (Slime:5)
  A gargoyle (D:10)
  A freezing wraith (D:10)
  A polar bear (Lair:6)
  2 trolls (D:10)
  A wraith (D:10)
  A vampire mosquito (Swamp:4)
  2 nagas (Snake:4)
  A porcupine (D:10)
  A sky beast (D:10)
  6 centaurs (D:10)
  A crocodile (Lair:6)
  A killer bee (D:10)
  2 orcs (Orc:2)
39 creatures vanquished.

Vanquished Creatures (others)
  A sphinx (D:13)
  A centaur warrior (D:13)
  An alligator (Swamp:3)
  12 death scarabs (Tomb:2)
  An unseen horror (D:13)
  A gargoyle (D:13)
  A naga mage (Snake:4)
  2 flying skulls (Tomb:2)
  A naga (Snake:4)
  2 mummies (Tomb:2)
  An orc (Orc:2)
  An orc skeleton (Tomb:2)
  2 bushes (Lair:6)
  11 fungi
  19 plants
  5 starspawn tentacles
62 creatures vanquished.

Grand Total: 1608 creatures vanquished

Notes
Turn   | Place    | Note
-------+----------+-------------------------------------------
     0 | D:1      | 4thArraOfDagon the Hill Orc Monk began the quest for the Orb.
     0 | D:1      | Reached XP level 1. HP: 19/19 MP: 1/1
    29 | D:2      | Reached XP level 2. HP: 5/26 MP: 2/2
    32 | D:2      | Found a sparkling altar of Nemelex Xobeh.
    40 | D:2      | Found a glowing golden altar of the Shining One.
    54 | D:2      | Became a worshipper of the Shining One
    54 | D:2      | Reached * piety under the Shining One
    54 | D:2      | Reached ** piety under the Shining One
   169 | D:1      | Reached skill level 5 in Axes
   297 | D:2      | Reached XP level 3. HP: 24/31 MP: 3/3
   416 | D:3      | Reached skill level 6 in Axes
   416 | D:3      | Reached XP level 4. HP: 32/39 MP: 4/4
   454 | D:3      | Noticed Jessica
   469 | D:3      | Killed Jessica
   478 | D:3      | Noticed an ice beast
   517 | D:3      | Noticed Terence
   527 | D:3      | Gained mutation: Your body sometimes deteriorates upon taking damage. [potion of mutation]
   527 | D:3      | Gained mutation: You possess an exceptional clarity of mind. [potion of mutation]
   527 | D:3      | Gained mutation: You have large cloven feet. [potion of mutation]
   529 | D:3      | Reached skill level 7 in Axes
   532 | D:3      | Reached XP level 5. HP: 45/45 MP: 5/5
   544 | D:3      | Reached skill level 8 in Axes
   552 | D:3      | Killed an ice beast
   552 | D:3      | Reached skill level 9 in Axes
   552 | D:3      | Reached XP level 6. HP: 25/51 MP: 6/6
   557 | D:3      | Killed Terence
   732 | D:4      | Noticed a phantom
   744 | D:5      | Entered Level 5 of the Dungeon
   875 | D:5      | Reached *** piety under the Shining One
   940 | D:5      | Noticed Ijyb
   961 | D:5      | Killed Ijyb
   976 | D:5      | Reached skill level 10 in Axes
   976 | D:5      | Reached XP level 7. HP: 55/57 MP: 7/7
  1122 | D:5      | Reached skill level 11 in Axes
  1251 | D:7      | Gained mutation: You have sharp fingernails. [mutagenic meat]
  1252 | D:7      | Gained mutation: You are clumsy. (Dex -2) [mutagenic meat]
  1253 | D:7      | Lost mutation: Your body sometimes deteriorates upon taking damage. [mutagenic meat]
  1254 | D:7      | Gained mutation: Your spells are a little harder to cast, but a little more powerful. [mutagenic meat]
  1255 | D:7      | Gained mutation: Armour fits poorly on your strangely shaped body. [mutagenic meat]
  1256 | D:7      | Gained mutation: You are partially covered in icy blue scales. (AC +2) [mutagenic meat]
  1303 | D:7      | Reached XP level 8. HP: 66/66 MP: 8/8
  1379 | D:7      | Reached skill level 1 in Invocations
  1504 | D:8      | Reached skill level 12 in Axes
  1504 | D:8      | Reached skill level 1 in Armour
  1510 | D:8      | Noticed a hippogriff
  1518 | D:8      | Reached **** piety under the Shining One
  1521 | D:8      | Killed a hippogriff
  1720 | D:8      | Found an ornate altar of the Wu Jian Council.
  1721 | D:8      | Found a bloodstained altar of Trog.
  1862 | D:9      | Reached skill level 5 in Fighting
  1873 | D:9      | Noticed a yak
  1873 | D:9      | Noticed a yak
  1875 | D:9      | Noticed a yak
  1875 | D:9      | Noticed a yak
  1876 | D:9      | Noticed a yak
  1884 | D:10     | Entered Level 10 of the Dungeon
  1894 | D:10     | HP: 3/68 [yak (15)]
  1898 | D:10     | Killed a yak
  1898 | D:10     | Reached skill level 13 in Axes
  1898 | D:10     | Reached XP level 9. HP: 5/74 MP: 7/12
  1936 | D:10     | Noticed a hornet
  2292 | D:9      | Reached skill level 5 in Invocations
  2467 | D:9      | Thaneod: od razu na hell i pan:>?
  2616 | D:8      | Found a staircase to the Lair.
  2688 | D:9      | Reached skill level 14 in Axes
  2860 | D:10     | Reached skill level 5 in Armour
  2926 | D:10     | Reached XP level 10. HP: 69/84 MP: 14/14
  2944 | D:11     | Reached ***** piety under the Shining One
  3084 | D:11     | 4thArraOfDagon: nom :D
  3098 | D:11     | Found a staircase to the Orcish Mines.
  3168 | D:12     | Got an ichor-stained falchion
  3193 | D:12     | Noticed a two-headed ogre
  3282 | D:12     | Noticed a purple ugly thing
  3373 | D:12     | Paralysed by a hornet for 1 turns
  3424 | D:12     | Got a brightly glowing mace
  3425 | D:12     | Identified the +3 mace "Grim Tooth" {freeze, rPois rN+} (You found it on level 12 of the Dungeon)
  3453 | D:11     | Noticed Psyche
  3462 | D:11     | jacquesderrida: Da
  3462 | D:11     | Killed Psyche
  3462 | D:11     | Reached skill level 15 in Axes
  3488 | D:11     | Noticed a two-headed ogre
  3491 | D:11     | Identified the Incunabulum of Quantum Evil
  3497 | D:11     | Killed a two-headed ogre
  3502 | D:11     | Learned a level 1 spell: Apportation
  3505 | D:11     | Learned a level 2 spell: Blink
  3510 | D:11     | Learned a level 4 spell: Passage of Golubria
  3645 | D:12     | Noticed a manticore
  3665 | D:12     | Killed a manticore
  3669 | D:12     | Noticed a two-headed ogre
  3671 | D:12     | Noticed Thaneod's ghost (journeyman MiBe)
  3673 | D:12     | Killed a two-headed ogre
  3673 | D:12     | Reached XP level 11. HP: 43/95 MP: 15/17
  3711 | D:12     | Killed a two-headed ogre
  3855 | D:12     | Killed a purple ugly thing
  3884 | D:12     | Noticed a manticore
  3904 | D:12     | Reached skill level 16 in Axes
  3911 | D:12     | Killed a manticore
  4052 | D:13     | Noticed a sphinx
  4111 | D:13     | Found a portal to a secret trove of treasure.
  4150 | D:13     | Noticed a two-headed ogre
  4946 | D:10     | Noticed a death knight
  5150 | D:10     | Noticed a two-headed ogre
  5204 | D:9      | Found a sacrificial altar of Ru.
  5574 | D:10     | Reached skill level 1 in Translocations
  5751 | D:10     | Reached XP level 12. HP: 81/106 MP: 12/19
  5761 | D:10     | Reached skill level 1 in Spellcasting
  5877 | D:9      | Killed a two-headed ogre
  5877 | D:9      | Reached skill level 17 in Axes
  6014 | Orc:1    | Entered Level 1 of the Orcish Mines
  6014 | Orc:1    | Found Wausk's Book Shoppe.
  6014 | Orc:1    | Found Qauco's Antique Armour Emporium.
  6029 | Orc:1    | Found Bucw's Weapon Emporium.
  6166 | Orc:1    | Found a burning altar of Makhleb.
  6325 | Orc:1    | Found a roughly hewn altar of Beogh.
  6448 | Orc:1    | Bought a pair of runed boots for 307 gold pieces
  6456 | Orc:2    | Entered Level 2 of the Orcish Mines
  6456 | Orc:2    | Found Beisei's Assorted Antiques.
  6457 | Orc:2    | Found a staircase to the Elven Halls.
  6479 | Orc:2    | Bought a pink potion for 23 gold pieces
  6479 | Orc:2    | Bought a scroll labeled ASULAR SEPET for 26 gold pieces
  6479 | Orc:2    | Bought a fuming inky potion for 23 gold pieces
  6479 | Orc:2    | Bought a scroll labeled RUFUC ORPHUGEU for 26 gold pieces
  6515 | Orc:2    | Noticed Rupert
  6539 | Orc:2    | Killed Rupert
  6539 | Orc:2    | Reached skill level 10 in Fighting
  6539 | Orc:2    | Reached skill level 10 in Invocations
  6730 | Orc:2    | Found Kelasm's Assorted Antiques.
  6747 | Orc:2    | Bought a scroll labeled ESOANU UTRU for 31 gold pieces
  6779 | Orc:2    | Noticed a sun demon
  6889 | Orc:2    | Found Tecenlam's General Store.
  6889 | Orc:2    | Found Laje's Book Boutique.
  6917 | Orc:2    | Found Urhe's Armour Boutique.
  6922 | Orc:2    | Found Josieda's Armour Shop.
  6970 | Orc:2    | Bought the Volume of Shifting Aid for 570 gold pieces
  6977 | Orc:2    | Learned a level 6 spell: Statue Form
  6990 | Orc:2    | Noticed Waterpls's ghost (journeyman VSFi)
  6992 | Orc:2    | 4thArraOfDagon: !lg Waterpls vsfi -log
  6992 | Orc:2    | beem: 3. Waterpls, XL14 VSFi, T:16756: http://crawl.xtahua.com/crawl/morgue/Waterpls/morgue-Waterpls-20171124-145215.txt
  7001 | Orc:2    | Noticed an orc high priest
  7008 | Orc:2    | Killed Waterpls's ghost
  7008 | Orc:2    | Reached skill level 1 in Earth Magic
  7021 | Orc:2    | Killed an orc high priest
  7021 | Orc:2    | Reached skill level 1 in Transmutations
  7045 | Orc:2    | Found a roughly hewn altar of Beogh.
  7171 | D:10     | Killed a death knight
  7174 | D:10     | Gained mutation: Your magical capacity is low. (-10% MP) [mutagenic meat]
  7293 | Lair:1   | Entered Level 1 of the Lair of Beasts
  7340 | Lair:1   | Reached XP level 13. HP: 99/114 MP: 18/18
  7547 | Lair:2   | Reached skill level 18 in Axes
  8033 | Lair:5   | Noticed Josephine
  8042 | Lair:5   | Killed Josephine
  8352 | Lair:2   | Reached skill level 5 in Earth Magic
  8353 | Lair:2   | Thaneod: ?? butterflies
  8354 | Lair:2   | beem: butterflies ~ butterfly[1/9]: A deadly crawl monster only surpassed by the Toenail Golem. FLEE FOR YOUR LIFE IF YOU SEE ONE! Shoots hellfire from its proboscis and has an irresistible paralyze attack. Has been known to dual wield quick blades of distortion. Also reported being smiting!
  8731 | Lair:4   | Noticed Nergalle
  8743 | Lair:4   | Killed Nergalle
  8745 | Lair:4   | Identified a scroll of acquirement
  8745 | Lair:4   | Xiguana: what was the greatorbrunner command?
  8746 | Lair:4   | Got a polished battleaxe
  8747 | Lair:4   | Identified the +6 battleaxe of Sosoxke {chop, -Tele +Fly rPois MP+9} (You acquired it on level 4 of the Lair of Beasts)
  8921 | Lair:6   | Entered Level 6 of the Lair of Beasts
  8987 | Lair:5   | Noticed Kirke
  9343 | Lair:6   | Reached XP level 14. HP: 122/122 MP: 19/19
  9427 | Lair:6   | Reached skill level 19 in Axes
  9433 | Lair:6   | Reached skill level 5 in Transmutations
  9682 | Lair:6   | Got a heavy robe
  9768 | Lair:6   | Got a steaming brass ring
  9770 | Lair:6   | Got a spiked large shield
  9772 | Lair:6   | Identified the ring "Huxkovis" {rElec rF+++ rN+ MP+9 Str-4} (You found it on level 6 of the Lair of Beasts)
  9779 | Lair:6   | Identified the +2 large shield "Naqeass" {Dex+3} (You found it on level 6 of the Lair of Beasts)
  9815 | Lair:6   | Identified the +0 robe of the Vacuum {Regen+ Int-2 Dex+4 Slay+5} (You found it on level 6 of the Lair of Beasts)
  9926 | Lair:6   | jacquesderrida: WAT
  9974 | Lair:6   | Found a staircase to the Slime Pits.
 10105 | Lair:6   | Reached skill level 5 in Spellcasting
 10285 | Lair:5   | Identified the Reference Book on Stones and Air
 10290 | Lair:5   | Learned a level 2 spell: Passwall
 10396 | Lair:5   | Killed Kirke
 10415 | Lair:4   | Reached XP level 15. HP: 64/128 MP: 13/20
 10447 | Lair:3   | Found a staircase to the Snake Pit.
 10588 | Lair:3   | Reached skill level 20 in Axes
 11295 | Orc:2    | Bought the +1 pair of boots of Omission {-Tele Int+8 Dex+6} for 604 gold pieces
 11346 | Elf:1    | Entered Level 1 of the Elven Halls
 11485 | Elf:1    | Reached skill level 10 in Earth Magic
 11928 | Elf:1    | Got a fine tin ring
 11934 | Elf:1    | Identified the ring of the Republic {*Tele rElec rC+} (You found it on level 1 of the Elven Halls)
 12146 | Elf:3    | Entered Level 3 of the Elven Halls
 12283 | Elf:3    | Reached XP level 16. HP: 132/135 MP: 22/22
 12395 | Elf:3    | Cast into level 4 of the Abyss (scimitar of distortion)
 12437 | Abyss:4  | Lost mutation: Your magical capacity is low. (-10% MP) [a neqoxec]
 12458 | Abyss:4  | Found a corrupted altar of Lugonu.
 12461 | Abyss:4  | Noticed a tentacled starspawn
 12475 | Abyss:4  | Killed a tentacled starspawn
 12484 | Elf:3    | Escaped the Abyss
 12651 | Elf:3    | Cast into level 3 of the Abyss (a deep elf demonologist)
 12884 | Abyss:3  | Noticed a tentacled starspawn
 12885 | Abyss:3  | Noticed a tentacled starspawn
 12892 | Abyss:3  | Killed a tentacled starspawn
 12893 | Abyss:3  | Killed a tentacled starspawn
 12973 | Elf:3    | Escaped the Abyss
 12975 | Elf:3    | Noticed an Ice Fiend
 12982 | Elf:3    | Noticed a Tzitzimitl
 12985 | Elf:3    | Reached ****** piety under the Shining One
 12992 | Elf:3    | Reached skill level 5 in Dodging
 12996 | Elf:3    | Noticed a deep elf master archer
 13000 | Elf:3    | Killed a deep elf master archer
 13020 | Elf:3    | Noticed a deep elf blademaster
 13030 | Elf:3    | Killed a deep elf blademaster
 13067 | Elf:3    | Noticed a deep elf master archer
 13072 | Elf:3    | HP: 2/175 [deep elf master archer/arrow (13)]
 13075 | Elf:3    | Killed a deep elf master archer
 13239 | Elf:3    | Reached XP level 17. HP: 141/141 MP: 28/28
 13294 | Elf:3    | Got a scorched amber ring
 13296 | Elf:3    | Identified the ring of Sin {*Contam rElec rF+ Dex+4 Stlth-} (You took it off a deep elf annihilator on level 3 of the Elven Halls)
 13451 | Elf:3    | Got a bound golden ring
 13681 | Elf:3    | Got a pair of crude gloves
 13708 | Elf:3    | Noticed a deep elf blademaster
 13711 | Elf:3    | Noticed a deep elf master archer
 13724 | Elf:3    | Killed a deep elf blademaster
 13736 | Elf:3    | Killed a deep elf master archer
 13758 | Elf:3    | Turgon: Yes, I would have used iceblast as well!
 13845 | Elf:3    | Turgon: But this was close
 13862 | Elf:3    | Got a heavily runed ring mail
 13873 | Elf:3    | Identified the +1 pair of gloves of Exclusion {rC+} (You found it on level 3 of the Elven Halls)
 13874 | Elf:3    | Identified the ring "Cetwobb" {MR+ Dex+2} (You took it off a deep elf demonologist on level 3 of the Elven Halls)
 13911 | Elf:3    | Identified the +0 ring mail of Vehumet's Condemnation {rCorr Int+3} (You found it on level 3 of the Elven Halls)
 13930 | Elf:3    | Thaneod: first time 2 hp, next time 14hp
 14040 | Elf:2    | Found Rozeak's Elven Fire.
 14091 | Elf:2    | Noticed 4thArraOfDagon's ghost (adept NaAK)
 14111 | Elf:2    | Killed 4thArraOfDagon's ghost
 14258 | Orc:2    | Found a gateway to a bazaar.
 14267 | Bazaar   | Entered a bazaar
 14274 | Bazaar   | Found Bojues's Gadget Shop.
 14288 | Bazaar   | Found Ubli's Food Boutique.
 14300 | Bazaar   | Found Plog's Armour Shop.
 14314 | Bazaar   | Found Osot's Food Boutique.
 14328 | Bazaar   | Found Vudebb's Gadget Shop.
 14341 | Bazaar   | Found Olias's Food Boutique.
 14419 | Orc:2    | Bought a scroll of magic mapping for 52 gold pieces
 14419 | Orc:2    | Bought a scroll of identify for 30 gold pieces
 14419 | Orc:2    | Bought a scroll of teleportation for 45 gold pieces
 14419 | Orc:2    | Bought a scroll of identify for 30 gold pieces
 14419 | Orc:2    | Bought a scroll of magic mapping for 52 gold pieces
 14591 | Lair:2   | jacquesderrida: Da
 14591 | Lair:2   | ReniFell: da
 14632 | Snake:1  | Entered Level 1 of the Snake Pit
 14734 | Snake:1  | Reached skill level 21 in Axes
 14734 | Snake:1  | Reached skill level 1 in Evocations
 14872 | Snake:2  | Found a frozen archway.
 14905 | IceCv    | Entered an ice cave
 15214 | IceCv    | Noticed an Ice Fiend
 15219 | IceCv    | Killed an Ice Fiend
 15352 | Snake:2  | Reached XP level 18. HP: 52/154 MP: 29/29
 15516 | Snake:3  | Found the +9 staff of Olgreb {rPois}
 15532 | Snake:3  | 4thArraOfDagon: ??% Olgreb
 15532 | Snake:3  | beem: I don't have a page labeled %_Olgreb in my learndb.
 15532 | Snake:3  | 4thArraOfDagon: ??%staff of Olgreb
 15532 | Snake:3  | beem: %staff of Olgreb ~ staff of olgreb[1/2]: Evoking it uses 4mp and 50 hunger to cast toxic radiance, *and* an evoc+1 in 20 chance of venom bolt. Succeeds evoc+1 in 6 times. Confers poison immunity and enhances poison magic. Poisons in melee.
 15562 | Snake:3  | Reached skill level 5 in Evocations
 15650 | Snake:4  | Entered Level 4 of the Snake Pit
 15760 | Snake:4  | Found Qoyc's Antique Weapon Shop.
 15809 | Snake:4  | Noticed Nikola
 15826 | Snake:4  | Killed Nikola
 15826 | Snake:4  | Reached skill level 22 in Axes
 15863 | Snake:4  | Found Nailab's Assorted Antiques.
 15934 | Snake:4  | jacquesderrida: Da
 15993 | Snake:4  | Reached skill level 23 in Axes
 16300 | Snake:4  | Reached skill level 24 in Axes
 16311 | Snake:4  | Got a serpentine rune of Zot
 16627 | Lair:3   | Found a staircase to the Swamp.
 16642 | Swamp:1  | Entered Level 1 of the Swamp
 16653 | Swamp:1  | Reached XP level 19. HP: 143/160 MP: 22/30
 16901 | Swamp:2  | Noticed Jorgrun
 16970 | Swamp:4  | Entered Level 4 of the Swamp
 16972 | Swamp:4  | 4thArraOfDagon: ??awoken tree
 16972 | Swamp:4  | beem: I don't have a page labeled awoken_tree in my learndb.
 16972 | Swamp:4  | 4thArraOfDagon: ??%awoken tree
 16972 | Swamp:4  | beem: I don't have a page labeled %awoken_tree in my learndb.
 16984 | Swamp:4  | Reached skill level 25 in Axes
 17129 | Swamp:4  | jacquesderrida: woke af
 17236 | Swamp:4  | Got a decaying rune of Zot
 17243 | Swamp:4  | Noticed Roxanne
 17246 | Swamp:4  | Thaneod: no Lernie;/
 17265 | Swamp:3  | Found a shattered altar of Ashenzari.
 17527 | Slime:1  | Entered Level 1 of the Pits of Slime
 17592 | Slime:2  | Reached skill level 26 in Axes
 17650 | Slime:4  | Noticed Dissolution
 17660 | Slime:4  | Killed Dissolution
 17871 | Slime:5  | Entered Level 5 of the Pits of Slime
 17888 | Slime:4  | Reached XP level 20. HP: 52/170 MP: 31/31
 17888 | Slime:4  | HP: 5/221 [very large slime creature (47)]
 17889 | Slime:4  | NormalPerson7: blink no?
 17889 | Slime:4  | Thaneod: -tele from axe
 17889 | Slime:4  | NormalPerson7: ah
 17889 | Slime:4  | 4thArraOfDagon: possibly fear
 17889 | Slime:4  | 4thArraOfDagon: :)
 17889 | Slime:4  | NormalPerson7: fear probably
 18037 | Slime:4  | NormalPerson7: no rcorr or something?
 18079 | Slime:5  | Noticed the Royal Jelly
 18081 | Slime:4  | 4thArraOfDagon: nope :(
 18090 | Slime:4  | Turgon: oh
 18110 | Slime:4  | Turgon: yellow boss
 18120 | Slime:4  | 4thArraOfDagon: damn
 18167 | Slime:4  | NormalPerson7: 5 dig charges for that
 18170 | Slime:4  | Turgon: Btw, does dig destroy roxanne in 0.20?
 18170 | Slime:4  | NormalPerson7: no
 18216 | Slime:4  | Turgon: then that's a wiki mistake
 18216 | Slime:4  | NormalPerson7: lol
 18216 | Slime:4  | Turgon: I thought so - but thanks
 18216 | Slime:4  | NormalPerson7: the biggest problem with the wiki is that i can't be edited by anyone
 18229 | Slime:5  | Turgon: A Wand of digging can now destroy statues.
 18242 | Slime:5  | NormalPerson7: some statues
 18243 | Slime:5  | Turgon: (this is in 0.20 comment)
 18248 | Slime:5  | NormalPerson7: not roxanne
 18259 | Slime:5  | Turgon: http://crawl.chaosforge.org/0.20
 18261 | Slime:5  | NormalPerson7: i think it meant stone statues
 18280 | Slime:5  | Turgon: yes, it shouldn't affect roxanne
 18285 | Slime:5  | Turgon: So I can't get my book Earth atm
 18285 | Slime:5  | Gained mutation: You are occasionally teleported next to monsters. [a shining eye]
 18293 | Slime:5  | Turgon: thanks for answer, however
 18438 | Slime:5  | Turgon: Don't you have a single pot resistance?
 18513 | Slime:5  | Found a viscous altar of Jiyva.
 18523 | Slime:5  | Found the +6 Majin-Bo {vamp, Archmagi MP+6 Int+6}
 18534 | Slime:5  | Thaneod: take -tele axe in statue form to prevent teleportis
 18590 | Slime:5  | Turgon: You hit the eye of devastation with 12 scrolls of remove curse!!!!!
 18673 | Slime:5  | Killed the Royal Jelly
 18673 | Slime:5  | Reached skill level 15 in Earth Magic
 18690 | Slime:4  | Turgon: Without any rCorr! That was brave.
 18720 | Slime:4  | 4thArraOfDagon: you wash the dishes ;)
 18867 | Slime:5  | Identified the Catalogue of Nocuous Weightlessness
 18885 | Slime:5  | Identified the Compendium of Lightness and Transformation
 18887 | Slime:5  | Identified the ring "Himad" {*Tele rPois} (You found it on level 5 of the Pits of Slime)
 18888 | Slime:5  | Identified the +1 shadow dragon scales of Mental Paralysis {Str+2 Stlth++++} (You found it on level 5 of the Pits of Slime)
 18889 | Slime:5  | Got a slimy rune of Zot
 18959 | Slime:5  | Learned a level 9 spell: Shatter
 19269 | D:12     | Killed Thaneod's ghost
 19492 | D:13     | jacquesderrida: Da
 19573 | D:14     | Found a gate to the Vaults.
 19587 | Vaults:1 | Entered Level 1 of the Vaults
 19611 | Vaults:1 | Noticed Donald
 19617 | Vaults:1 | Killed Donald
 19664 | Vaults:1 | Lost mutation: You possess an exceptional clarity of mind. [mutagenic meat]
 19666 | Vaults:1 | Gained mutation: You are robust. (+10% HP) [mutagenic meat]
 19687 | Vaults:1 | Reached XP level 21. HP: 200/200 MP: 32/32
 19801 | Vaults:1 | Gained mutation: You expend magic power (3 MP) to strengthen your wands. [mutagenic meat]
 19804 | Vaults:1 | Gained mutation: Your mind is acute. (Int +2) [mutagenic meat]
 19807 | Vaults:1 | Gained mutation: Your spells are harder to cast, but more powerful. [mutagenic meat]
 19808 | Vaults:1 | Lost mutation: You are robust. (+10% HP) [mutagenic meat]
 19809 | Vaults:1 | Lost mutation: You expend magic power (3 MP) to strengthen your wands. [potion of mutation]
 19809 | Vaults:1 | Lost mutation: Your spells are harder to cast, but more powerful. [potion of mutation]
 19809 | Vaults:1 | Lost mutation: You are clumsy. (Dex -2) [potion of mutation]
 19809 | Vaults:1 | Gained mutation: You passively map a small area around you. [potion of mutation]
 19809 | Vaults:1 | Gained mutation: You are partially covered in molten scales. (AC +2) [potion of mutation]
 19809 | Vaults:1 | Gained mutation: You have very sharp fingernails. [potion of mutation]
 19809 | Vaults:1 | Gained mutation: You evolve. [potion of mutation]
 19851 | Vaults:2 | Found Bajan's Antique Armour Shoppe.
 20075 | Vaults:3 | HP: 5/237 [deep troll[an ironheart preserver] (9)]
 20173 | Vaults:3 | Identified the cursed +0 robe of Yrilumio {Dex+5} (You found it on level 3 of the Vaults)
 20191 | Vaults:3 | Reached skill level 15 in Fighting
 20489 | Vaults:3 | jacquesderrida: Da
 20494 | Vaults:3 | Found a staircase to the Crypt.
 20499 | Crypt:1  | Entered Level 1 of the Crypt
 20507 | Crypt:1  | You fall through a shaft!
 20640 | Crypt:3  | Entered Level 3 of the Crypt
 20650 | Crypt:3  | Gained mutation: You possess an exceptional clarity of mind. [evolution]
 20710 | Crypt:3  | Reached skill level 15 in Invocations
 20734 | Crypt:3  | Found an ancient bone altar of Kikubaaqudgha.
 20743 | Crypt:3  | Reached XP level 22. HP: 192/192 MP: 34/34
 20817 | Crypt:3  | Identified the ring "Yniuh" {*Tele MR+ Str+3} (You found it on level 3 of the Crypt)
 20853 | Crypt:3  | Got a pitted turquoise ring
 20896 | Crypt:3  | Noticed a profane servitor
 20902 | Crypt:3  | Killed a profane servitor
 20941 | Crypt:3  | Noticed Xtahua
 20946 | Crypt:3  | Killed Xtahua
 20977 | Crypt:3  | Noticed an ancient lich
 20987 | Crypt:3  | Killed an ancient lich
 20988 | Crypt:3  | Found a staircase to the Tomb.
 20994 | Crypt:3  | Identified Kityel's Collected Works on Evil Arts
 20996 | Crypt:3  | Got a fine bone ring
 20998 | Crypt:3  | Identified the ring "Zana Ufo" {rF+ MP+9 Dex+5} (You found it on level 3 of the Crypt)
 21000 | Crypt:3  | Identified the ring of the Thirteen Shrikes {*Contam rElec rC+ MR+} (You found it on level 3 of the Crypt)
 21008 | Tomb:1   | Entered Level 1 of the Tomb of the Ancients
 21165 | Tomb:1   | Noticed a greater mummy
 21260 | Tomb:1   | Noticed a greater mummy
 21305 | Tomb:1   | Killed a greater mummy
 21381 | Tomb:1   | Killed a greater mummy
 21558 | Tomb:2   | Noticed an ancient lich
 21564 | Tomb:2   | Noticed a greater mummy
 21569 | Tomb:2   | Reached XP level 23. HP: 142/199 MP: 37/37
 21590 | Tomb:2   | HP: 11/258 [guardian mummy's death curse (11)]
 21595 | Tomb:2   | Killed by a guardian mummy's death curse

Vault maps used:
D:1:      dpeg_arrival_tiny_d
D:2:      grunt_temple_overflow_open, first_bread
D:3:      nemelex_diamond_rough_becter, uniq_terence, uniq_jessica
D:4:      tgw_sif, grunt_qazlal_sundering
D:5:      kennysheep_mini_moat, uniq_ijyb
D:6:      minitemple, minmay_temple_entry_enclosed_plants, basic_altar,
          feat_on_display, uniq_pikel
D:8:      gammafunk_temple_overflow_pools, minmay_lair_entry_lava
D:9:      basic_altar, grunt_ogre_cave
D:10:     wad_woods_minihive
D:11:     orc_0_dummy, minmay_misc_feat_roman, uniq_psyche
D:13:     evilmike_diamond_1, enter_trove_2, serial_shops, shop
D:14:     grunt_vaults_entry_fortified, minmay_crystal_water, uniq_azrael
Lair:2:   regret_index_harrowing_hell_hive, roderic_batcave
Lair:3:   nicolae_swamp_entry_splash_gauntlet,
          minmay_snake_entry_guardpost_small
Lair:4:   grunt_megastairs_1, uniq_nergalle
Lair:5:   minmay_lindwurm_lava, uniq_kirke, uniq_josephine
Lair:6:   evilmike_catoblepas_cave, minmay_slime_entry_pillars, st_stairs_3,
          lemuel_fruit_fields, grunt_megastairs_5, serial_bayou_shore_b
Swamp:1:  evilmike_swamp_ruin_house_2
Swamp:2:  nicolae_swamp_dense_foliage, uniq_jorgrun
Swamp:3:  basic_altar, nicolae_swamp_stair_fork, swamp_pool3,
          hangedman_swamp_double_dragon, infiniplex_staircase_pool_2
Swamp:4:  grunt_swamp_rune_castle, swamp_pool2, kb_tengu_band, uniq_roxanne
Snake:2:  portal_ice_cave_entry_pillars_2, spider_trap,
          nicolae_snake_salamander_stairs, serial_bayou_shore_a, uniq_aizul
Snake:3:  dpeg_stationary_puzzle
Snake:4:  snake_pit, serial_shops, shop, shop, uniq_nikola
Slime:1:  nicolae_slime_barrier
Slime:4:  dissolution_awaits
Orc:1:    serial_shops, shop, nicolae_shop_trees, shop_fountains, basic_altar,
          david_defended_altar_orc
Orc:2:    st_orc_mages, serial_shops, bzr_firewalk, shop_statue, shop,
          nicolae_orc_lost_temple, uniq_rupert
Elf:1:    minmay_elf_crystal_heptagon, kennysheep_underground_church
Elf:2:    small_statue_intersection, guppyfry_elf_lava
Elf:3:    minmay_elf_hall_quartered_circle
Vaults:1: hangedman_vaults_capsules, nicolae_vaults_twisting_passages,
          v_misc_15, nicolae_vaults_fighting_squares,
          hangedman_vaults_stretched_pinwheel, v_alt_pattern_2,
          nicolae_vaults_ninety_degrees, nicolae_vaults_disjoint_gnomons,
          ontoclasm_vaults_ligature, nicolae_vaults_network_quinsquares,
          vaults_room_semicircle, vaults_room_semicircle, uniq_donald
Vaults:2: v_rooms_6, nicolae_vaults_asterisk,
          hangedman_vaults_stretched_pinwheel, ontoclasm_vaults_eye,
          nicolae_vaults_little_squares_6, serial_shops, shop
Vaults:3: vaults_room_semicircle, v_rooms_4, vaults_room_hangedman_quadrants,
          nicolae_vaults_ring_of_whatevers, ontoclasm_vaults_gateway,
          hangedman_vaults_trim, hangedman_vaults_slice, v_misc_29, v_pattern_4,
          minmay_crypt_entry_skeletal_spiral
Crypt:1:  minmay_skeleton_keep, uniq_mara
Crypt:2:  uniq_mennas, uniq_margery
Crypt:3:  grunt_crypt_end_deaths_head, uniq_xtahua
Abyss:3:  due_evilmike_abyss_rune_seething_liches
Abyss:4:  guppyfry_abyss_exit_glass_guarded, hangedman_abyss_or_decor_slice
Bazaar:   bazaar_minmay_snake
IceCv:    ice_cave_caverns_01

Skill      XL: |  1  2  3  4  5  6  7  8  9 10 11 12 13 14 15 16 17 18 19 20 21 22 |
---------------+-------------------------------------------------------------------+-----
Axes           | 5 6 7 9 10 11 13 14 15 16 17 18 19 20 21 24 26 | 26.0
Invocations    | 4 6 8 9 10 11 15 20 | 20.8
Fighting       | 5 6 8 9 10 12 14 15 | 15.0
Armour         | 3 5 6 8 |  8.8
Translocations | 1 3 |  3.8
Spellcasting   | 2 4 5 6 7 8 |  8.6
Earth Magic    | 2 6 8 10 12 13 15 16 | 16.6
Transmutations | 1 4 6 8 9 |  9.9
Dodging        | 4 5 7 |  7.3
Evocations     | 4 6 |  6.1
Stealth        | |  1.5

Action                   |  1- 3 |  4- 6 |  7- 9 | 10-12 | 13-15 | 16-18 | 19-21 | 22-24 || total
-------------------------+-------+-------+-------+-------+-------+-------+-------+-------++-------
Melee: Hand axe          |    63 |   124 |    59 |     1 |       |       |       |       ||   247
       Kick              |       |    35 |    84 |   118 |    13 |   121 |   163 |    57 ||   591
       War axe           |       |       |   262 |   446 |    18 |       |    73 |       ||   799
       Mace              |       |       |       |    16 |       |       |       |       ||    16
       Battleaxe         |       |       |       |   126 |   788 |   705 |   136 |       ||  1755
       Executioner's axe |       |       |       |       |       |       |   570 |   254 ||   824
Throw: Throwing net      |       |       |       |     2 |       |       |       |       ||     2
 Cast: Statue Form       |       |       |       |       |     6 |    56 |    49 |    11 ||   122
       Passage of Golubr |       |       |       |       |       |    34 |    83 |     5 ||   122
       Apportation       |       |       |       |       |       |    15 |    78 |    17 ||   110
       Passwall          |       |       |       |       |       |       |     5 |       ||     5
Invok: Divine Shield     |       |       |     1 |     8 |    15 |     2 |     5 |       ||    31
       Summon Divine War |       |       |       |     5 |     2 |     4 |    13 |       ||    24
       Cleansing Flame   |       |       |       |     4 |       |     3 |       |     6 ||    13
 Abil: Evoke Flight      |       |       |       |       |     2 |       |       |       ||     2
       End Transformatio |       |       |       |       |       |    40 |    27 |     6 ||    73
       Evoke Berserk Rag |       |       |       |       |       |     1 |       |       ||     1
Evoke: Wand              |       |       |     7 |    59 |     3 |     6 |     5 |     2 ||    82
       Lamp of fire      |       |       |       |       |       |     1 |       |       ||     1
       Staff of energy   |       |       |       |       |       |       |    21 |       ||    21
  Use: Potion            |       |     4 |     1 |     7 |     2 |    10 |     6 |     1 ||    31
       Scroll            |       |     1 |     7 |     5 |    10 |    11 |    18 |     5 ||    57
  Eat: Chunk             |       |       |    14 |     8 |     9 |    11 |    27 |     3 ||    72
       Fruit             |       |       |     1 |     1 |    10 |     4 |    10 |       ||    26
       Royal jelly       |       |       |       |     3 |       |     6 |     4 |     1 ||    14
       Bread ration      |       |       |       |     1 |     1 |     6 |     4 |     3 ||    15
Armor: Robe              |     4 |       |       |       |    49 |       |       |       ||    53
       Chain mail        |    24 |    74 |   151 |   151 |       |       |       |       ||   400
       Skin              |       |    69 |       |    33 |    51 |   521 |   637 |   239 ||  1550
       Troll leather arm |       |       |       |    60 |   158 |    19 |    32 |    12 ||   281
Dodge: Dodged            |    24 |    44 |    95 |   220 |   377 |   498 |   722 |   253 ||  2233
Block: Other             |       |       |     1 |    83 |    99 |    15 |   107 |       ||   305

Table legend:
 A = Spawn XP
 B = Non-spawn XP
 C = Spawn XP percentage of total XP
 D = Spawn monster count
 E = Non-spawn monster count
 F = Spawn count percentage of total count
 G = Total turns spent on level
                    A         B        C        D         E        F      G
               +---------+---------+-------+---------+---------+-------+---------
         Total |   15882 |  697407 |   2.2 |      26 |    1490 |   1.7 | 21595
               +---------+---------+-------+---------+---------+-------+---------
           D:1 |       0 |      14 |   0.0 |       0 |       9 |   0.0 |   152
           D:2 |       0 |      25 |   0.0 |       0 |      12 |   0.0 |   192
           D:3 |       0 |     400 |   0.0 |       0 |      20 |   0.0 |   321
           D:4 |       0 |      53 |   0.0 |       0 |       5 |   0.0 |   160
           D:5 |       0 |     272 |   0.0 |       0 |      10 |   0.0 |   259
           D:6 |       0 |     237 |   0.0 |       0 |       8 |   0.0 |   147
           D:7 |       0 |     333 |   0.0 |       0 |       8 |   0.0 |   266
           D:8 |       0 |    1009 |   0.0 |       0 |      22 |   0.0 |   638
           D:9 |       0 |    3506 |   0.0 |       0 |      42 |   0.0 |  1091
          D:10 |       0 |    7411 |   0.0 |       0 |      94 |   0.0 |  1451
          D:11 |       0 |    3234 |   0.0 |       0 |      25 |   0.0 |  1033
          D:12 |       0 |    6969 |   0.0 |       0 |      34 |   0.0 |   714
          D:13 |       0 |   12595 |   0.0 |       0 |      26 |   0.0 |   426
          D:14 |       0 |    6030 |   0.0 |       0 |      11 |   0.0 |    90
        Lair:1 |       0 |    2443 |   0.0 |       0 |      11 |   0.0 |   332
        Lair:2 |       0 |   11504 |   0.0 |       0 |      59 |   0.0 |   788
        Lair:3 |       0 |    6539 |   0.0 |       0 |      35 |   0.0 |   712
        Lair:4 |       0 |    4146 |   0.0 |       0 |      15 |   0.0 |   430
        Lair:5 |       0 |   10884 |   0.0 |       0 |      40 |   0.0 |   680
        Lair:6 |       0 |   31396 |   0.0 |       0 |      98 |   0.0 |  1209
       Swamp:1 |       0 |    3370 |   0.0 |       0 |       9 |   0.0 |   108
       Swamp:2 |       0 |   11649 |   0.0 |       0 |      32 |   0.0 |   202
       Swamp:3 |       0 |    8424 |   0.0 |       0 |      27 |   0.0 |   211
       Swamp:4 |       0 |   28384 |   0.0 |       0 |      59 |   0.0 |   277
       Snake:1 |       0 |    6203 |   0.0 |       0 |      13 |   0.0 |   262
       Snake:2 |       0 |    7194 |   0.0 |       0 |      10 |   0.0 |   285
       Snake:3 |       0 |    8974 |   0.0 |       0 |      15 |   0.0 |   251
       Snake:4 |       0 |   58353 |   0.0 |       0 |      92 |   0.0 |   715
       Slime:1 |       0 |    1333 |   0.0 |       0 |       5 |   0.0 |    42
       Slime:2 |       0 |    2942 |   0.0 |       0 |       7 |   0.0 |    67
       Slime:3 |       0 |    5244 |   0.0 |       0 |       8 |   0.0 |   103
       Slime:4 |       0 |   32422 |   0.0 |       0 |      26 |   0.0 |   795
       Slime:5 |       0 |   40640 |   0.0 |       0 |      35 |   0.0 |   529
         Orc:1 |       0 |    1220 |   0.0 |       0 |      19 |   0.0 |   463
         Orc:2 |       0 |    8122 |   0.0 |       0 |      52 |   0.0 |   804
         Elf:1 |       0 |   26489 |   0.0 |       0 |      40 |   0.0 |   782
         Elf:2 |       0 |   16180 |   0.0 |       0 |      19 |   0.0 |   302
         Elf:3 |       0 |   63643 |   0.0 |       0 |      58 |   0.0 |  1400
      Vaults:1 |       0 |   36709 |   0.0 |       0 |      47 |   0.0 |   261
      Vaults:2 |       0 |    6224 |   0.0 |       0 |      16 |   0.0 |   122
      Vaults:3 |       0 |   52458 |   0.0 |       0 |      85 |   0.0 |   529
       Crypt:2 |       0 |   15833 |   0.0 |       0 |      21 |   0.0 |   139
       Crypt:3 |       0 |   71368 |   0.0 |       0 |      93 |   0.0 |   356
        Tomb:1 |       0 |   52509 |   0.0 |       0 |      38 |   0.0 |   546
        Tomb:2 |       0 |    8441 |   0.0 |       0 |      18 |   0.0 |    41
       Abyss:3 |   13947 |       0 | 100.0 |      22 |       0 | 100.0 |   322
       Abyss:4 |    1935 |    3068 |  38.7 |       4 |       3 |  57.1 |    89
         IceCv |       0 |   11011 |   0.0 |       0 |      59 |   0.0 |   377
               +---------+---------+-------+---------+---------+-------+---------
